 Dungeon Crawl Stone Soup version 0.28-a0-224-g76b539d98b (webtiles) character file.

Game seed: 14165696135189566609

340 timneilson the Covered (level 6, 0/38 HPs)
             Began as a Gargoyle Fighter on Aug 21, 2021.
             Slain by Edmund (1 damage)
             ... on level 4 of the Dungeon.
             The game lasted 00:04:51 (3567 turns).

timneilson the Covered (Gargoyle Fighter)           Turns: 3567, Time: 00:04:52

Health: 0/38       AC: 12    Str: 22    XL:     6   Next: 56%
Magic:  0/6        EV:  7    Int:  8    God:
Gold:   236        SH:  8    Dex:  9    Spells: 5/5 levels left

rFire   . . .      SeeInvis .   a - +0 long sword
rCold   . . .      Faith    .   c - +0 kite shield
rNeg    + . .      Spirit   +   b - +0 scale mail
rPois   ∞          Reflect  .   (no helmet)
rElec   +          Harm     .   d - +0 cloak
rCorr   .          Rampage  .   (no gloves)
Will    .....                   (no boots)
Stlth   ..........              i - amulet of guardian spirit
HPRegen 0.12/turn               (no ring)
MPRegen 0.10/turn               (no ring)

@: hasted, very quick
A: sickness immunity, AC +4, negative energy resistance 1, electricity
resistance, torment resistance 1, petrification resistance
a: no special abilities


You were on level 4 of the Dungeon.
You visited 1 branch of the dungeon, and saw 4 of its levels.

You collected 236 gold pieces.

Inventory:

Hand Weapons
 a - a +0 long sword (weapon)
Armour
 b - a +0 scale mail (worn)
 c - a +0 kite shield (worn)
 d - a +0 cloak (worn)
Jewellery
 i - an amulet of guardian spirit (around neck)
Wands
 h - a wand of flame (11)
 l - a wand of iceblast (8)
Scrolls
 j - a scroll of enchant weapon {unknown}
 k - 2 scrolls of identify
Potions
 e - a potion of curing


   Skills:
 + Level 4.0 Fighting
 * Level 3.4 Long Blades
 * Level 5.0 Armour
 * Level 5.0 Shields
 + Level 0.7 Evocations


You had 5 spell levels left.
You didn't know any spells.
Your spell library contained the following spells:

 Spells                   Type           Power      Damage    Failure   Level
 Ozocubu's Armour         Ice            0%         N/A       100%        3
 Ozocubu's Refrigeration  Ice            0%         4d5       100%        7


Dungeon Overview and Level Annotations

Branches:
Dungeon (4/15)
 Temple: D:4-7

Altars:
Dithmenos
Makhleb

Shops:
D:3 !

Annotations:
D:3 1 runed translucent door, zdrol's ghost, amateur MiMo
D:4 Edmund


Innate Abilities, Weirdness & Mutations

You are immune to sickness and miasma.
Your stone body is resilient. (AC +4)
You are immune to poison.
You resist negative energy. (rN+)
You are resistant to electric shocks. (rElec)
You are resistant to unholy torment.
You are immune to petrification.


Message History

Edmund hits you with a +1 vorpal dire flail.
You hit Edmund but do no damage.
Edmund is moderately wounded.
Edmund hits you but does no damage.
You barely miss Edmund.
Edmund is moderately wounded.
Edmund hits you with a +1 vorpal dire flail.
You closely miss Edmund.
Edmund is moderately wounded.
Edmund closely misses you.
You riposte.
You hit Edmund.
Edmund is moderately wounded.
You slash Edmund!
Edmund is heavily wounded.
You barely miss Edmund.
Edmund is heavily wounded.
Edmund hits you with a +1 vorpal dire flail!
* * * LOW HITPOINT WARNING * * *
x2 You closely miss Edmund.
Edmund is heavily wounded.
Edmund hits you but does no damage.
You closely miss Edmund.
Edmund is heavily wounded.
Edmund hits you but does no damage.
You hit Edmund.
Edmund is heavily wounded.
Edmund hits you but does no damage. You block Edmund's attack.
You hit Edmund but do no damage.
Edmund is heavily wounded.
Edmund gestures with his flail.
You block Edmund's attack.
You completely miss Edmund.
Edmund is heavily wounded.
Edmund asks, "Have you met my wondrous brother?"
Edmund hits you with a +1 vorpal dire flail.
* * * LOW HITPOINT WARNING * * *
x2 You closely miss Edmund.
Edmund is heavily wounded.
Edmund hits you with a +1 vorpal dire flail!
* * * LOW HITPOINT WARNING * * *
You die...

#.. ######### #..
#.......###.. #######
#.#####...... .....# #.#
#.####. #..#####.# #.# ##
#........# #.#
#.######### #.#####
#..@@.....# #......
......>#######.##########
######.. .[........ #..
.......... #..#
.######### #..# .... #.


You could see Edmund.

Vanquished Creatures
  A necrophage (D:4)
  A water moccasin skeleton (D:4)
  Natasha (thrice) (D:2)
  5 adders
  An ufetubus (D:3)
  A worm (D:3)
  2 dart slugs
  An orc (D:3)
  3 ball pythons
  9 bats
  11 endoplasms
  4 giant cockroaches
  7 goblins
  10 hobgoblins
  8 kobolds
  3 quokkas
  2 frilled lizards (D:1)
  3 rats
75 creatures vanquished.

Notes
Turn   | Place    | Note
-------+----------+-------------------------------------------
     0 | D:1      | timneilson the Gargoyle Fighter began the quest for the
                  | Orb.
     0 | D:1      | Reached XP level 1. HP: 14/14 MP: 1/1
   332 | D:1      | Reached XP level 2. HP: 18/19 MP: 2/2
   760 | D:1      | Reached XP level 3. HP: 23/23 MP: 3/3
   894 | D:1      | Found a faded altar of an unknown god.
  1321 | D:2      | Noticed Natasha
  1325 | D:2      | Killed Natasha
  1326 | D:2      | Reached XP level 4. HP: 21/28 MP: 4/4
  1376 | D:2      | Noticed Natasha
  1390 | D:2      | Killed Natasha
  1441 | D:2      | Noticed Natasha
  1446 | D:2      | Killed Natasha
  1447 | D:2      | Reached XP level 5. HP: 11/33 MP: 5/5
  2631 | D:3      | Found Leaciqan's Distillery.
  2992 | D:3      | Found a runed translucent door.
  3004 | D:3      | Noticed zdrol's ghost (amateur MiMo)
  3061 | D:3      | Found a burning altar of Makhleb.
  3437 | D:4      | Noticed a necrophage
  3448 | D:4      | Killed a necrophage
  3449 | D:4      | Reached XP level 6. HP: 37/38 MP: 6/6
  3502 | D:4      | Reached skill level 5 in Armour
  3502 | D:4      | Reached skill level 5 in Shields
  3516 | D:4      | Found a shadowy altar of Dithmenos.
  3549 | D:4      | Noticed Edmund
  3567 | D:4      | HP: 1/38 [Edmund (6)]
  3567 | D:4      | Slain by Edmund

Illustrated notes

Levels and vault maps discovered:
D:1:      dpeg_arrival_water_temple_mockup, layout_basic,
          ebering_ecumenical_altar_hall
D:2:      layout_loops_ring, kennysheep_crisscross, minmay_mini_jars,
          uniq_natasha
D:3:      layout_loops_ring, lightli_temple_of_fire, serial_shops, shop,
          ebering_ghost_reflecting_pool, st_stairs_13
D:4:      wad_lake_hut, layout_loops_ring, mainiacjoe_overflow_brackets,
          mainiacjoe_overflow_concentric_impassable, uniq_edmund, uniq_pikel

Skill      XL: |  1  2  3  4  5  6 |
---------------+-------------------+-----
Long Blades    | 2 3 |  3.4
Armour         | 4 5 |  5.0
Shields        | 4 5 |  5.0
Fighting       | 4 |  4.0
Evocations     | |  0.7

Action                   |  1- 3 |  4- 6 || total
-------------------------+-------+-------++-------
Melee: Long sword        |    87 |   178 ||   265
Evoke: Wand              |       |     3 ||     3
  Use: Potion            |       |     4 ||     4
       Scroll            |       |     7 ||     7
Armor: Scale mail        |    48 |   111 ||   159
Dodge: Dodged            |    32 |    51 ||    83
Block: Kite shield       |    41 |    98 ||   139
       Rpst.: Long sword |    10 |    13 ||    23

Table legend: (Time is in decaauts)
 A = Elapsed time spent in this place.
 B = Non-inter-level travel time spent in this place.
 C = Inter-level travel time spent in this place.
 D = Time resting spent in this place.
 E = Time spent auto-exploring this place.
 F = Levels seen in this place.
 G = Mean time per level.
                   A        B        C        D        E       F      G
               +--------+--------+--------+--------+--------+-----+--------+
         Total |   3737 |   3643 |     94 |     14 |   2905 |   4 |  934.2 |
       Dungeon |   3737 |   3643 |     94 |     14 |   2905 |   4 |  934.2 |
               +--------+--------+--------+--------+--------+-----+--------+

Top non-repeatable levels by time:
     D:2: 1234 daAuts
     D:3: 1047 daAuts
     D:1: 1040 daAuts
     D:4: 415 daAuts
